 Dungeon Crawl Stone Soup version 0.24.0-37-gcf1ca852f1 (webtiles) character file.

Game seed: 10671293865615920697, levelgen mode: deterministic

33020 lepoulpe303 the Unseen (level 13, 0/65 HPs)
             Began as a Spriggan Enchanter on Nov 26, 2019.
             Was an Initiate of Gozag.
             Slain by a water moccasin (10 damage)
             ... on level 5 of the Lair of Beasts on Nov 27, 2019.
             The game lasted 01:37:33 (21278 turns).

lepoulpe303 the Unseen (Spriggan Enchanter)        Turns: 21278, Time: 01:37:34

Health: 0/65       AC:  6    Str:  4    XL:     13   Next: 34%
Magic:  28/28      EV: 33    Int: 27    God:    Gozag
Gold:   3669       SH:  0    Dex: 22    Spells: 16/32 levels left

rFire    . . .     SeeInvis +   a - +2 dagger (venom)
rCold    . . .     Gourm    .   (shield restricted)
rNeg     . . .     Faith    .   E - +2 robe {MR+} {MR+}
rPois    .         Spirit   .   g - +2 hat {Int+3} {Int+3}
rElec    .         Reflect  .   (no cloak)
rCorr    .         Harm     .   (gloves unavailable)
MR       +++..                  (boots unavailable)
Stlth    ++++++....             (no amulet)
HPRegen  0.20/turn              n - +5 ring of dexterity
MPRegen  0.21/turn              F - +3 ring of intelligence

@: marked, gold aura, very quick
A: very small, unfitting armour, see invisible, herbivore, speed 3, slow
metabolism 2
a: Potion Petition, Call Merchant, Bribe Branch, Renounce Religion


You were on level 5 of the Lair of Beasts.
You worshipped Gozag.
Gozag was most pleased with you.
You were hungry.

You visited 3 branches of the dungeon, and saw 16 of its levels.
You also visited: Sewer.

You collected 3769 gold pieces.
You paid 100 gold pieces to Gozag.

Inventory:

Hand Weapons
 a - a +2 dagger of venom (weapon)
 b - a +1 short sword of speed
 j - a +0 rapier
 S - a +3 falchion
Missiles
 D - a throwing net {=f}
 J - 4 atropa-tipped darts
 O - 13 poisoned darts
 Q - 13 curare-tipped darts
Armour
 g - a +2 hat of intelligence (worn) {Int+3}
 E - a +2 robe of magic resistance (worn) {MR+}
 U - a +1 robe of cold resistance {rC+}
Magical Staves
 N - an uncursed staff of poison {rPois}
 T - an uncursed staff of fire {rF+}
 Y - an uncursed staff of summoning {!a}
Jewellery
 n - a +5 ring of dexterity (left hand)
 C - a +2 ring of protection
 F - a +3 ring of intelligence (right hand)
 I - an uncursed ring of protection from cold
 P - an uncursed ring of poison resistance
 V - an uncursed ring of ice {rC+, rF-}
 X - a +3 ring of evasion
Wands
 y - a wand of acid (16)
 H - a wand of clouds (12)
Scrolls
 c - a scroll of enchant armour
 f - 2 scrolls of fog
 h - 3 scrolls of amnesia
 i - 7 scrolls of identify
 o - a scroll of noise {unknown}
 p - 8 scrolls of blinking {unknown}
 r - 4 scrolls of magic mapping {!r}
 t - 4 scrolls of teleportation
 v - 2 scrolls of enchant weapon
 w - 4 scrolls of remove curse
 G - 2 scrolls of immolation {unknown}
 K - a scroll of summoning {unknown}
 R - a scroll of random uselessness {unknown}
Potions
 d - a potion of might
 k - 3 potions of flight {unknown}
 l - 3 potions of heal wounds
 m - 2 potions of mutation {unknown}
 q - 2 potions of curing
 s - 2 potions of agility
 u - 2 potions of lignification {!q}
 x - a potion of ambrosia {unknown}
 z - 2 potions of brilliance {unknown}
 A - a potion of haste {unknown}
 B - 3 potions of degeneration {!q}
 L - a potion of berserk rage {!q}
 M - a potion of magic {unknown}
Miscellaneous
 W - a crystal ball of energy
Comestibles
 e - 23 rations


   Skills:
 + Level 6.4 Fighting
 - Level 10.0 Short Blades
 - Level 15.0 Dodging
 + Level 15.5 Stealth
 - Level 10.1 Spellcasting
 * Level 11.0 Hexes
 * Level 4.9 Air Magic


You had 16 spell levels left.
You knew the following spells:

 Your Spells              Type           Power        Failure   Level  Hunger
a - Ensorcelled Hibernat  Hex/Ice        #####.       1%          2    None
b - Tukima's Dance        Hex            ######..     1%          3    None
c - Confuse               Hex            ######..     1%          3    None
d - Dazzling Spray        Conj/Hex       #####.       1%          3    None
e - Shock                 Conj/Air       ####         1%          1    None
f - Static Discharge      Conj/Air       ####....     4%          3    None
v - Corona                Hex            ######.      1%          1    None

Your spell library contained the following spells:

 Spells                   Type           Power        Failure   Level  Hunger
 Swiftness                Chrm/Air       ####....     2%          2    None
 Silence                  Hex/Air        ######....   4%          5    ####...
 Airstrike                Air            #####.....   5%          4    None
 Darkness                 Hex            ######....   7%          6    #####..
 Lightning Bolt           Conj/Air       ####......   41%         5    ####...
 Borgnjor's Vile Clutch   Necr/Erth      ##........   75%         5    ####...
 Shadow Creatures         Summ           N/A          100%        6    #####..


Dungeon Overview and Level Annotations

Branches:
Dungeon (10/15)            Temple (1/1) D:4            Lair (5/6) D:10
 Shoals (0/4) Lair:3        Snake (0/4) Lair:2        Slime (0/5) Lair:5
  Sewer (visited)
    Orc: D:9-12

Altars:
Ashenzari
Cheibriados
Dithmenos
Elyvilon
Fedhas
Gozag
Hepliaklqana
Kikubaaqudgha
Makhleb
Nemelex Xobeh
Okawaru
Qazlal
Ru
Sif Muna
Trog
Uskayaw
Vehumet
Wu Jian
Xom
Yredelemnul
Zin
The Shining One

Shops:
D:6 %

Annotations:
Lair:5 exclusion: 3 oklob plants


Innate Abilities, Weirdness & Mutations

You are very small and have problems with some larger weapons.
You are too small for most types of armour.
You have supernaturally acute eyesight. (SInv)
You are a herbivore.
You cover ground extremely quickly.
You need to consume almost no food.


Message History

You barely miss the porcupine. The blink frog misses you. x2
The water moccasin completely misses you.
Unknown command.
You hit the porcupine but do no damage.
The porcupine looks as sick as possible!
The porcupine completely misses you. The blink frog hits you!
* * * LOW HITPOINT WARNING * * *
The blink frog hits you but does no damage.
You take 9 damage, and have 10/63 hp.
You hit the water moccasin. The water moccasin bites you!
* * * LOW HITPOINT WARNING * * *
The porcupine completely misses you.
You take 9 damage, and have 1/63 hp.
Unknown command.
You feel much better.
The blink frog looks more healthy.
The blink frog completely misses you. The blink frog hits you!
* * * LOW HITPOINT WARNING * * *
The water moccasin bites you!
You die...
Your body crumbles into a pile of gold.

.......#.....###### ##........
#P...##..P......# ##.........
###... #........## #..........
.#### #.........# ##.........
.#..####.........## #..........
....#.......$.....# #..........
....#.............# #..........
.....FP........r..# ##.#..P.###
......F..#..>..S@## #########.
.........#.....FF# ##########
......)####......# ##..#.#....
........####....## ##..........
.........##....## ##...........
.........#..P.## ##............
........#.#..## #.............
...........###### ##.............
................###..............


You could see 2 blink frogs, a water moccasin and a porcupine.

Levels and vault maps discovered:
D:1:      minmay_arrival_checkered_box, layout_basic, serial_forest,
          infiniplex_forest_zigzag_2, infiniplex_forest_clump_curved,
          infiniplex_forest_straight_2, infiniplex_forest_clump_long,
          infiniplex_forest_clump_C, infiniplex_forest_lined_2,
          minmay_door_square
D:2:      layout_basic, minmay_rat_hole
D:3:      layout_basic, chequers_temple_overflow_statue_of_worship,
          gup_sewer_entry_bowl
D:4:      layout_cave_pools, temple_green, hangedman_glass_teeth
D:5:      layout_rooms, first_ration
D:6:      layout_loops_cross, serial_shops, shop, uniq_blork_the_orc
D:7:      layout_cave_pools, nicolae_overflow_crystal_walls, nrook_campfire,
          grunt_ogre_cave
D:8:      layout_basic, st_stairs_10, uniq_joseph, uniq_erica
D:9:      layout_cave_pools
D:10:     layout_roguey, lair_entry_dummy, kennysheep_generic_room_16
Temple:   nicolae_temple_no_exploring_needed
Lair:1:   layout_cave_pods, serial_bayou_shore_a, grunt_megastairs_3, uniq_sonja
Lair:2:   layout_gridlike, minmay_snake_entry_guardpost_medium, minivault_23,
          roderic_carrion_pond, uniq_urug
Lair:3:   layout_loops_ring, minmay_shoals_entry_centaurs,
          bobbens_dragon_lair_wall, uniq_fannar
Lair:4:   layout_loops_ring, uniq_josephine
Lair:5:   layout_cave_pods, minmay_slime_entry_oklob_enclosed, minmay_hedge_maze

Notes
Turn   | Place    | Note
-------+----------+-------------------------------------------
     0 | D:1      | lepoulpe303 the Spriggan Enchanter began the quest for the
                  | Orb.
     0 | D:1      | Reached XP level 1. HP: 9/9 MP: 5/5
   162 | D:1      | Identified a +0 club
   189 | D:1      | Identified a +1 short sword of speed
   229 | D:1      | Identified a +0 short sword
   276 | D:1      | Identified a +0 club
   280 | D:1      | Reached XP level 2. HP: 13/13 MP: 6/6
   290 | D:1      | Identified a +0 dagger
   310 | D:1      | Reached skill level 5 in Stealth
   487 | D:1      | Learned a level 2 spell: Ensorcelled Hibernation
   577 | D:1      | Reached skill level 2 in Short Blades
   767 | D:1      | Reached XP level 3. HP: 15/16 MP: 8/8
   772 | D:1      | Learned a level 3 spell: Confuse
  1107 | D:2      | Identified a cursed +0 robe (You found it on level 2 of the
                  | Dungeon)
  1143 | D:2      | Identified a +0 short sword
  1294 | D:2      | Reached skill level 3 in Short Blades
  1294 | D:2      | Reached skill level 6 in Stealth
  1417 | D:2      | Reached XP level 4. HP: 21/21 MP: 9/9
  2125 | D:3      | Identified a +0 dagger
  2153 | D:3      | Identified a +0 dagger
  2153 | D:3      | Identified a +0 dagger
  2153 | D:3      | Identified a +0 robe
  2155 | D:3      | Identified a +0 short sword
  2155 | D:3      | Identified a +0 short sword
  2155 | D:3      | Identified a +0 leather armour
  2204 | D:3      | Reached skill level 7 in Stealth
  2284 | D:3      | Reached XP level 5. HP: 18/24 MP: 1/10
  2289 | D:3      | Learned a level 3 spell: Tukima's Dance
  2338 | D:3      | Identified a +0 dagger
  2338 | D:3      | Identified a +0 ring mail
  2341 | D:3      | Identified a +0 hand axe
  2342 | D:3      | Identified a +0 short sword
  2463 | D:3      | Identified a +0 club
  2463 | D:3      | Identified a +0 hunting sling
  2466 | D:3      | Reached skill level 4 in Short Blades
  2480 | D:3      | Identified a +0 club
  2483 | D:3      | Identified a +0 whip
  2536 | D:3      | Identified a +0 club
  2537 | D:3      | Identified a +0 dagger
  2559 | D:3      | Found a glowing silver altar of Zin.
  2560 | D:3      | Found a radiant altar of Vehumet.
  2560 | D:3      | Identified a +0 mace
  2560 | D:3      | Identified a +0 chain mail
  2560 | D:3      | Identified a +0 short sword
  2561 | D:3      | Found a basalt altar of Yredelemnul.
  2561 | D:3      | Identified a +0 flail
  2561 | D:3      | Identified a +0 short sword
  2600 | D:3      | Identified 3 scrolls of remove curse
  2601 | D:3      | Identified a ring of attention (You found it on level 1 of
                  | the Dungeon)
  2685 | D:3      | Identified a +0 dagger
  2712 | D:3      | Identified a +0 club
  2753 | D:3      | Identified a +0 whip
  2807 | D:3      | Found a glowing drain.
  2816 | Sewer    | Entered a sewer
  2948 | Sewer    | Identified a +0 club
  3100 | Sewer    | Reached skill level 8 in Stealth
  3100 | Sewer    | Reached XP level 6. HP: 18/28 MP: 7/11
  3232 | Sewer    | Identified a +0 club
  3280 | Sewer    | Reached skill level 5 in Short Blades
  3280 | Sewer    | Reached skill level 3 in Spellcasting
  3450 | Sewer    | Reached skill level 4 in Hexes
  3744 | Sewer    | Identified a +0 whip
  4148 | Sewer    | Reached skill level 4 in Spellcasting
  4381 | D:3      | Reached skill level 5 in Hexes
  4381 | D:3      | Reached XP level 7. HP: 32/32 MP: 10/14
  4405 | D:3      | Identified a +0 dagger
  4406 | D:3      | Identified a +0 whip
  4406 | D:3      | Identified a +0 leather armour
  4410 | D:3      | Identified a +0 hand axe
  4410 | D:3      | Identified a +0 leather armour
  4410 | D:3      | Identified a +0 dagger
  4410 | D:3      | Identified a +0 robe
  4412 | D:3      | Identified a +0 whip
  4412 | D:3      | Identified a +0 leather armour
  4417 | D:3      | Identified a +0 hand axe
  4417 | D:3      | Identified a +0 ring mail
  4436 | D:3      | Identified a +0 morningstar
  4443 | D:3      | Learned a level 3 spell: Dazzling Spray
  4617 | D:3      | Identified 3 scrolls of amnesia
  4618 | D:3      | Identified 2 scrolls of teleportation
  4855 | D:4      | Identified a +0 short sword
  4887 | D:4      | Identified a +0 club
  4954 | D:4      | Identified a +0 giant spiked club
  4956 | D:4      | You fall into a shaft and drop 3 floors!
  4961 | D:6      | Found Fuih Ula's Food Emporium.
  4961 | D:6      | Identified a cursed -2 club
  4961 | D:6      | Identified a +0 chain mail
  4961 | D:6      | Identified a +0 mace
  4961 | D:6      | Identified a +0 flail
  4962 | D:6      | Identified a +0 club
  5074 | D:7      | Reached skill level 6 in Hexes
  5215 | D:7      | HP: 5/32 [worker ant (6)]
  5217 | D:7      | Reached skill level 7 in Hexes
  5218 | D:7      | Identified 2 potions of heal wounds
  5466 | D:6      | Identified a cursed +2 halberd
  5466 | D:6      | Identified a +0 robe
  5828 | D:6      | Identified a +0 trident
  5828 | D:6      | Identified a +0 robe
  5828 | D:6      | Noticed Blork the orc
  5845 | D:6      | Identified a +0 club
  5845 | D:6      | Identified a +0 mace
  5915 | D:6      | Identified a +0 hand axe
  5919 | D:6      | Identified a +0 hand axe
  5919 | D:6      | Identified a +0 leather armour
  5945 | D:6      | Reached skill level 8 in Hexes
  5960 | D:6      | Identified a cursed +0 leather armour
  6092 | D:6      | Killed Blork the orc
  6092 | D:6      | Reached XP level 8. HP: 29/37 MP: 6/15
  6218 | D:5      | Entered Level 5 of the Dungeon
  6218 | D:5      | Identified a +0 shortbow
  6270 | D:4      | Reached skill level 1 in Fighting
  6270 | D:4      | Reached skill level 4 in Dodging
  6307 | D:4      | Identified a +0 leather armour
  6317 | D:4      | Identified a +0 dagger
  6317 | D:4      | Identified a +0 ring mail
  6318 | D:4      | Identified a +0 short sword
  6318 | D:4      | Identified a cursed -1 hand axe
  6318 | D:4      | Identified a +0 scale mail
  6450 | D:4      | Reached skill level 2 in Fighting
  6484 | D:4      | Found a staircase to the Ecumenical Temple.
  6493 | Temple   | Entered the Ecumenical Temple
  6519 | Temple   | Became a worshipper of Gozag Ym Sagoz the Greedy
  6642 | D:4      | Identified 3 scrolls of magic mapping
  6643 | D:4      | Identified 2 scrolls of enchant armour
  6644 | D:4      | Identified 3 scrolls of identify
  6644 | D:4      | Identified an amulet of the gourmand (You found it on level
                  | 3 of the Dungeon)
  6646 | D:4      | Identified an amulet of inaccuracy (You found it on level 4
                  | of the Dungeon)
  6659 | D:5      | Reached skill level 5 in Dodging
  6695 | D:5      | Identified a +4 spear
  6696 | D:5      | Identified a +0 whip
  6696 | D:5      | Identified a +0 spear
  6872 | D:5      | Identified a +1 hat of intelligence (You found it on level
                  | 5 of the Dungeon)
  6926 | D:5      | Reached skill level 6 in Dodging
  7210 | D:5      | Reached skill level 3 in Fighting
  7274 | D:5      | Reached skill level 7 in Dodging
  7334 | D:6      | Reached skill level 8 in Dodging
  7415 | D:6      | Identified a +4 dire flail
  7415 | D:6      | Identified a +0 arbalest
  7415 | D:6      | Identified a +0 leather armour
  7415 | D:6      | Identified a +0 short sword
  7415 | D:6      | Identified a +0 robe
  7419 | D:6      | Identified a +0 falchion
  7419 | D:6      | Identified a +0 robe
  7570 | D:6      | Identified a +0 dagger
  7570 | D:6      | Identified a +0 leather armour
  7570 | D:6      | Identified an uncursed amulet of rage
  7818 | D:6      | Identified a +0 shortbow
  7839 | D:6      | Reached skill level 9 in Stealth
  7839 | D:6      | Reached XP level 9. HP: 41/44 MP: 10/16
  7846 | D:6      | Identified a +1 dagger
  8057 | D:6      | Identified a +0 dagger
  8057 | D:6      | Identified a +0 chain mail
  8060 | D:6      | Identified a +0 dagger
  8060 | D:6      | Identified a +0 robe
  8172 | D:6      | Reached skill level 6 in Short Blades
  8452 | D:7      | Identified a +0 club
  8472 | D:7      | Identified a +0 giant club
  8522 | D:7      | Found a snail-covered altar of Cheibriados.
  8728 | D:8      | Identified a +0 club
  8733 | D:8      | Identified a ring of protection (You found it on level 7 of
                  | the Dungeon)
  8734 | D:8      | Identified a ring of protection from cold (You found it on
                  | level 8 of the Dungeon)
  8735 | D:8      | Identified a +0 dagger
  8735 | D:8      | Identified a +0 robe
  8738 | D:8      | Identified a +0 dagger
  8738 | D:8      | Identified a +0 robe
  8776 | D:8      | Reached skill level 10 in Stealth
  8855 | D:8      | Reached skill level 7 in Short Blades
  8978 | D:8      | Identified a +0 short sword
  9002 | D:8      | Identified a +1 robe of magic resistance (You found it on
                  | level 8 of the Dungeon)
  9206 | D:8      | Identified a +0 short sword
  9207 | D:8      | Identified a +0 club
  9274 | D:8      | Reached skill level 11 in Stealth
  9363 | D:8      | Identified a +0 scimitar of flaming
  9363 | D:8      | Identified a +0 robe
  9363 | D:8      | Noticed Erica
  9502 | D:8      | Identified a +0 dagger
  9502 | D:8      | Identified a +0 robe
  9502 | D:8      | Identified a +0 club
  9506 | D:8      | Identified a +0 flail
  9506 | D:8      | Identified a cursed +0 plate armour
  9508 | D:8      | Identified a +0 dagger
  9508 | D:8      | Identified a +0 robe
  9513 | D:8      | Identified a +0 short sword
  9530 | D:8      | Identified a +0 short sword
  9533 | D:8      | Identified a +0 dagger
  9539 | D:8      | Identified a +0 dagger
  9541 | D:8      | Reached skill level 8 in Short Blades
  9542 | D:8      | Identified a +0 dagger
  9922 | D:8      | Killed Erica
  9922 | D:8      | Reached skill level 13 in Stealth
  9922 | D:8      | Reached XP level 10. HP: 49/49 MP: 14/17
 10484 | D:8      | Identified a +0 quarterstaff
 10484 | D:8      | Identified a +0 hunting sling
 10484 | D:8      | Identified a +0 ring mail
 10484 | D:8      | Noticed Joseph
 10486 | D:8      | Killed Joseph
 10617 | D:9      | Identified a +0 dagger
 10617 | D:9      | Identified a +0 robe
 10632 | D:9      | Identified a cursed +0 battleaxe
 10632 | D:9      | Identified a +0 plate armour
 10633 | D:9      | Identified a +0 short sword
 10633 | D:9      | Identified a +0 falchion
 10635 | D:9      | Identified a +0 short sword
 10635 | D:9      | Identified a cursed +0 leather armour
 10635 | D:9      | Identified a +0 whip
 10635 | D:9      | Identified a +0 morningstar
 10760 | D:9      | Identified a +0 giant club
 10861 | D:9      | Identified a +0 dagger
 10861 | D:9      | Identified a +0 robe
 11000 | D:9      | Identified a +0 dagger
 11187 | D:9      | Identified a +0 dagger
 11187 | D:9      | Identified a +0 ring mail
 11191 | D:9      | Identified a +0 mace
 11193 | D:9      | Identified a cursed -3 club
 11215 | D:9      | Reached skill level 5 in Spellcasting
 11303 | D:10     | Entered Level 10 of the Dungeon
 11327 | D:10     | Identified a ring of intelligence (You found it on level 8
                  | of the Dungeon)
 11346 | D:10     | Identified a +0 dagger
 11346 | D:10     | Identified a cursed +0 robe
 11346 | D:10     | Identified a +0 war axe
 11347 | D:10     | Identified a +0 war axe
 11347 | D:10     | Identified a +0 scale mail
 11367 | D:10     | Found a staircase to the Lair.
 11445 | D:10     | Identified a +0 short sword
 11445 | D:10     | Identified a +0 leather armour
 11445 | D:10     | Identified a +0 club
 11447 | D:10     | Identified a +0 dire flail
 11447 | D:10     | Identified a +0 plate armour
 11593 | D:10     | Reached skill level 9 in Dodging
 11710 | D:10     | Reached skill level 4 in Fighting
 11864 | D:10     | Identified a +0 dagger
 11864 | D:10     | Identified a cursed -2 short sword
 11867 | D:10     | Identified a +0 short sword
 11947 | D:10     | Identified a cursed +0 trident
 11947 | D:10     | Identified a +0 ring mail
 11977 | D:10     | Identified a +0 short sword
 11991 | D:10     | Identified a +0 dagger
 12347 | D:10     | Reached skill level 14 in Stealth
 12347 | D:10     | Reached skill level 9 in Hexes
 12431 | D:10     | Identified 2 potions of lignification
 12432 | D:10     | Identified 2 potions of degeneration
 12433 | D:10     | Identified 2 potions of agility
 12434 | D:10     | Identified 2 potions of curing
 12435 | D:10     | Identified a potion of berserk rage
 12508 | Lair:1   | Entered Level 1 of the Lair of Beasts
 12533 | Lair:1   | Noticed a six-headed hydra
 12540 | Lair:1   | Killed a six-headed hydra
 12540 | Lair:1   | Reached skill level 9 in Short Blades
 12588 | Lair:1   | Reached skill level 6 in Spellcasting
 12589 | Lair:1   | Reached XP level 11. HP: 34/54 MP: 5/21
 13104 | Lair:1   | Identified a +1 dagger of venom
 13104 | Lair:1   | Noticed Sonja
 13110 | Lair:1   | Killed Sonja
 13246 | Lair:1   | Reached skill level 10 in Dodging
 14354 | Lair:2   | Learned a level 1 spell: Shock
 14369 | Lair:2   | Identified a +1 battleaxe
 14369 | Lair:2   | Identified a +0 ring mail
 14369 | Lair:2   | Noticed Urug
 14382 | Lair:2   | Killed Urug
 14382 | Lair:2   | Reached skill level 5 in Fighting
 14382 | Lair:2   | Reached skill level 7 in Spellcasting
 14555 | Lair:2   | Reached skill level 1 in Air Magic
 14605 | Lair:2   | Reached skill level 10 in Hexes
 14791 | Lair:2   | Noticed a four-headed hydra
 14828 | Lair:2   | Killed a four-headed hydra
 14828 | Lair:2   | Reached skill level 15 in Stealth
 14923 | Lair:2   | Reached skill level 2 in Air Magic
 14949 | Lair:2   | Identified a ring of poison resistance (You found it on
                  | level 2 of the Lair of Beasts)
 14952 | Lair:2   | Identified a +0 hand axe
 14953 | Lair:2   | Identified a +0 glaive
 14961 | Lair:2   | Identified a +0 battleaxe
 14962 | Lair:2   | Identified a +0 glaive
 14962 | Lair:2   | Identified a +0 robe
 15314 | Lair:2   | Noticed an eight-headed hydra
 15472 | Lair:2   | Reached skill level 10 in Short Blades
 15472 | Lair:2   | Reached skill level 11 in Dodging
 15686 | Lair:2   | Reached XP level 12. HP: 41/58 MP: 20/24
 15691 | Lair:2   | Learned a level 3 spell: Static Discharge
 15835 | Lair:2   | Found a staircase to the Snake Pit.
 16184 | Lair:2   | Killed an eight-headed hydra
 16184 | Lair:2   | Reached skill level 8 in Spellcasting
 16184 | Lair:2   | Reached skill level 3 in Air Magic
 16322 | Lair:3   | Found a staircase to the Shoals.
 16324 | Lair:3   | Reached skill level 6 in Fighting
 16360 | Lair:3   | Identified a +0 quarterstaff of freezing
 16360 | Lair:3   | Identified a +1 robe of cold resistance
 16360 | Lair:3   | Identified an uncursed ring of ice
 16360 | Lair:3   | Noticed Fannar
 16372 | Lair:3   | Identified a +3 falchion (You found it on level 3 of the
                  | Lair of Beasts)
 16608 | Lair:3   | Reached skill level 12 in Dodging
 16608 | Lair:3   | Reached skill level 9 in Spellcasting
 17093 | Lair:3   | Identified a cursed +0 robe (You found it on level 3 of the
                  | Lair of Beasts)
 17426 | Lair:3   | Killed Fannar
 17426 | Lair:3   | Reached skill level 13 in Dodging
 17426 | Lair:3   | Reached skill level 10 in Spellcasting
 17431 | Lair:3   | Identified a ring of dexterity (You found it on level 3 of
                  | the Lair of Beasts)
 17915 | Lair:4   | Identified a +0 dagger
 17915 | Lair:4   | Identified a +0 robe
 17915 | Lair:4   | Noticed Josephine
 17942 | Lair:4   | Killed Josephine
 17971 | Lair:3   | Identified a +0 rapier (You found it on level 7 of the
                  | Dungeon)
 18209 | Lair:3   | Identified 3 scrolls of fog
 18210 | Lair:3   | Identified 3 scrolls of enchant weapon
 18255 | Lair:3   | Reached skill level 14 in Dodging
 18922 | Lair:4   | Reached skill level 15 in Dodging
 19188 | Lair:4   | Reached XP level 13. HP: 26/63 MP: 28/28
 19909 | Lair:4   | Identified a ring of evasion (You found it on level 4 of
                  | the Lair of Beasts)
 20091 | Lair:5   | Reached skill level 4 in Air Magic
 20807 | Lair:5   | Found a staircase to the Slime Pits.
 21248 | Lair:5   | Reached skill level 11 in Hexes
 21276 | Lair:5   | HP: 10/63 [blink frog (9)]
 21277 | Lair:5   | HP: 1/63 [water moccasin (9)]
 21278 | Lair:5   | Slain by a water moccasin

Table legend:
 A = Turns spent in this place as a percentage of turns spent in the entire game.
 B = Non-inter-level travel turns spent in this place as a percentage of non-inter-level travel turns spent in the entire game.
 C = Inter-level travel turns spent in this place as a percentage of turns spent in this place.
 D = Turns resting spent in this place as a percentage of non-inter-level travel turns spent in this place.
 E = Turns spent auto-exploring this place as a percentage of non-inter-level travel turns spent in this place.
 F = Non-inter-level travel turns spent in this place divided by the number of levels of this place that you've seen.
                   A       B       C       D       E      F
               +-------+-------+-------+-------+-------+----------------------
         Total | 100.0 | 100.0 |   2.7 |  29.9 |  38.8 | 1217.2
       Dungeon |  51.7 |  51.4 |   3.4 |  27.6 |  39.8 | 1063.3
        Temple |   0.2 |   0.1 |  17.6 |   0.0 |   0.0 |  28.0
          Lair |  40.9 |  41.1 |   2.3 |  30.7 |  40.1 | 1700.2
         Sewer |   7.2 |   7.4 |   0.0 |  42.7 |  25.7 | 1531.0
               +-------+-------+-------+-------+-------+----------------------

Table legend:
 A = Kills in this place as a percentage of kills in entire the game.
 B = Kills by you in this place as a percentage of kills by you in the entire game.
 C = Kills by friends in this place as a percentage of kills by friends in the entire game.
 D = Other kills in this place as a percentage of other kills in the entire game.
 E = Experience gained in this place as a percentage of experience gained in the entire game.
 F = Experience gained in this place divided by the number of levels of this place that you have seen.
                   A       B       C       D       E      F
               +-------+-------+-------+-------+-------+----------------------
         Total | 100.0 | 100.0 |   N/A | 100.0 | 100.0 | 2774.8
       Dungeon |  61.3 |  61.5 |   N/A |   0.0 |  19.8 | 935.0
          Lair |  32.3 |  31.9 |   N/A | 100.0 |  79.3 | 7481.0
         Sewer |   6.5 |   6.5 |   N/A |   0.0 |   0.9 | 417.0
               +-------+-------+-------+-------+-------+----------------------

Skill      XL: |  1  2  3  4  5  6  7  8  9 10 11 12 13 |
---------------+----------------------------------------+-----
Stealth        | 5 6 7 8 9 13 14 15 | 15.5
Short Blades   | 2 3 4 5 8 9 10 | 10.0
Spellcasting   | 4 6 7 10 | 10.1
Hexes          | 5 8 9 10 11 | 11.0
Fighting       | 3 4 5 6 |  6.4
Dodging        | 8 9 11 15 | 15.0
Air Magic      | 2 3 4 |  4.9

Action                   |  1- 3 |  4- 6 |  7- 9 | 10-12 | 13-15 || total
-------------------------+-------+-------+-------+-------+-------++-------
Melee: Dagger            |    18 |       |       |   494 |   153 ||   665
       Short sword       |    71 |   387 |   571 |   296 |       ||  1325
       Falchion          |       |       |       |    20 |       ||    20
       Rapier            |       |       |       |    12 |       ||    12
 Cast: Ensorcelled Hiber |     1 |     8 |    29 |    57 |       ||    95
       Confuse           |       |    16 |    33 |    32 |     2 ||    83
       Dazzling Spray    |       |       |    14 |    47 |     6 ||    67
       Tukima's Dance    |       |       |     2 |       |       ||     2
       Shock             |       |       |       |     8 |     8 ||    16
       Static Discharge  |       |       |       |       |     1 ||     1
Evoke: Wand              |       |       |       |     2 |     1 ||     3
  Use: Scroll            |       |     2 |     6 |    12 |       ||    20
       Potion            |       |     1 |     1 |     2 |     1 ||     5
 Stab: Sleeping          |    17 |    16 |    38 |    64 |     5 ||   140
       Confused          |       |    11 |    23 |    29 |     2 ||    65
       Distracted        |       |     1 |     2 |     9 |     3 ||    15
       Invisible         |       |       |     9 |    16 |     6 ||    31
  Eat: Ration            |       |     2 |     5 |     6 |       ||    13
Armor: Robe              |    12 |    24 |    25 |    30 |     5 ||    96
Dodge: Dodged            |    52 |   199 |   279 |   545 |   129 ||  1204
       Rpst.: Falchion   |       |       |       |     7 |       ||     7

Vanquished Creatures
  Josephine (Lair:4)
  Fannar (Lair:3)
  6 hydras
  Erica (D:8)
  Urug (Lair:2)
  Sonja (Lair:1)
  An oklob plant (Lair:5)
  6 elephants (Lair:4)
  A black mamba (Lair:2)
  Joseph (D:8)
  7 spiny frogs
  6 komodo dragons
  9 rime drakes (Lair:3)
  A polar bear (Lair:4)
  2 hippogriffs
  13 blink frogs
  5 wraiths (Lair:3)
  20 yaks
  A basilisk (Lair:1)
  7 steam dragons
  4 nagas (Lair:2)
  A hungry ghost (D:10)
  An acid dragon (Lair:3)
  8 porcupines
  4 water moccasins
  3 orc warriors
  2 sky beasts
  7 necrophages (Lair:2)
  A black bear (D:7)
  4 ice beasts
  3 ogres
  An eye of draining (D:8)
  A phantom (D:5)
  2 centaurs
  19 wolves
  11 crocodiles
  6 big kobolds
  Blork the orc (D:6)
  11 bullfrogs
  3 scorpions
  4 wights (D:6)
  3 killer bees (D:10)
  3 crimson imps
  A centaur skeleton (D:4)
  A jelly (D:6)
  A bullfrog zombie (D:8)
  5 hounds
  7 orc priests
  An iguana (D:10)
  10 orc wizards
  8 worker ants
  3 hound skeletons
  4 gnolls (D:5)
  15 adders
  2 river rats (Sewer)
  A shadow imp (D:6)
  5 oozes
  An adder zombie (D:6)
  An adder skeleton (D:6)
  5 worms
  3 dart slugs (D:1)
  8 leopard geckos
  48 orcs
  8 ball pythons
  7 bats
  4 giant cockroaches
  7 goblins
  3 hobgoblins
  7 jackals
  5 quokkas
  6 frilled lizards
  31 kobolds
  A leopard gecko skeleton (D:5)
  A quokka skeleton (D:4)
  26 rats
430 creatures vanquished.

Vanquished Creatures (others)
  A bullfrog (Lair:3)
  A kobold (D:10)
  5 bushes (Lair:5)
  5 fungi
  6 plants
18 creatures vanquished.

Grand Total: 448 creatures vanquished
